 Dungeon Crawl Stone Soup version 0.19-a0-277-g85cb9a5 (webtiles) character file.

343 epen the Covered (level 6, -3/46 HPs)
             Began as a Demonspawn Wanderer on May 26, 2016.
             Killed by divine providence
             ... invoked by an orc priest
              (15 damage)
             ... on level 3 of the Dungeon.
             The game lasted 00:06:58 (2799 turns).

epen the Covered (Demonspawn Wanderer)              Turns: 2799, Time: 00:06:59

Health: -3/46      AC:  9    Str: 13    XL:     6   Next: 31%
Magic:  6/6        EV: 12    Int: 15    God:
Gold:   137        SH:  0    Dex: 12    Spells: 0 memorised, 5 levels left

rFire  + . .     SeeInvis .       - Unarmed
rCold  . . .     Gourm    .     a - +2 scale mail
rNeg   . . .     Faith    .     (no shield)
rPois  +         Spirit   .     (no helmet)
rElec  .         Dismiss  .     (no cloak)
rCorr  .         Reflect  .     (no gloves)
SustAt .         Harm     .     (no boots)
MR     .....                    (no amulet)
Stlth  ..........               (no ring)
                                j - ring of poison resistance

@: not resistant to hostile enchantments, extremely unstealthy
A: claws 2, repulsion field 1, fire resistance 1
a: no special abilities


You were on level 3 of the Dungeon.
You were not hungry.

You visited 1 branch of the dungeon, and saw 3 of its levels.

You collected 137 gold pieces.

Inventory:

Hand Weapons
 b - a +0 shortbow
 d - a +0 mace
 e - a +0 dagger
Missiles
 c - 99 arrows
Armour
 a - a +2 scale mail (worn)
Jewellery
 j - a ring of poison resistance (left claw)
Scrolls
 g - 2 scrolls of magic mapping {unknown}
 i - a scroll of identify {unknown}
 m - a scroll of recharging {unknown}
 n - a scroll of noise {unknown}
 p - 2 scrolls of remove curse {unknown}
 r - a scroll of enchant armour {unknown}
 t - a scroll of blinking {unknown}
 u - a scroll of teleportation {unknown}
Potions
 l - a potion of might {unknown}
Comestibles
 f - 2 bread rations
 o - a meat ration


   Skills:
 + Level 2.9 Fighting
 - Level 1.1 Maces & Flails
 - Level 2.2 Bows
 + Level 4.0 Armour
 * Level 3.2 Dodging
 - Level 1.7 Stealth
 * Level 2.8 Unarmed Combat


You had 5 spell levels left.
You didn't know any spells.

Dungeon Overview and Level Annotations

Branches:
Dungeon (3/15)

Altars:
Ashenzari
Fedhas
Vehumet


Innate Abilities, Weirdness & Mutations

You have very sharp fingernails.
You are surrounded by a mild repulsion field. (EV +2)
Your flesh is heat resistant. (rF+)


Message History

Drink which item? (? for menu, Esc to quit)
It was a potion of resistance.
You feel protected. The orc hits you with a short sword.
* * * LOW HITPOINT WARNING * * *
Unknown command.
Drink which item? (? for menu, Esc to quit)
It was a potion of ambrosia.
You are confused.
You feel invigorated. The orc barely misses you.
Drink which item? (? for menu, Esc to quit)
It was a potion of cancellation.
Your magical effects are unravelling.
You feel magically purged.
You feel less invigorated.
You feel less confused.
You feel a little less clever now.
Your resistance to elements expires.
The orc barely misses you.
The orc priest mumbles some strange prayers to Beogh against you.
Beogh smites you!
You die...

##.. #.#####..#
.... #........#
.... #.#####..#
.... ..#..# .###
#.#..# .# #.#..#
.# ##.## #.#..#
#..
#.....#####.#..#
..
#....ooo@...#..#
.....o#####.#.##
..... #...#.#.#
.... #.#.#.#.#
#.. #.#.#.#.# #.
#†#...#.# #
#.#####.#
#.......#
#.#####.#


You could see an orc priest and 3 orcs.

Vanquished Creatures
  Sigmund (D:2)
  Terence (D:1)
  6 gnolls
  2 adders
  An ooze (D:2)
  2 worms (D:2)
  2 dart slugs (D:1)
  An orc (D:3)
  4 giant cockroaches
  11 goblins
  9 hobgoblins
  11 jackals
  8 kobolds
  A ball python (D:2)
  2 bats (D:3)
  2 giant newts
  5 rats (D:1)
69 creatures vanquished.

Notes
Turn   | Place    | Note
--------------------------------------------------------------
     0 | D:1      | epen the Demonspawn Wanderer began the quest for the Orb.
     0 | D:1      | epen set off with: a +2 scale mail, a +0 shortbow, 26 arrows, a +0 mace, a +0 dagger, a bread ration
     0 | D:1      | Reached XP level 1. HP: 16/16 MP: 1/1
   121 | D:1      | Gained mutation: You have sharp fingernails. [demonic ancestry]
   121 | D:1      | Reached XP level 2. HP: 20/22 MP: 2/2
   439 | D:1      | Reached skill level 1 in Unarmed Combat
   480 | D:1      | Reached skill level 1 in Dodging
   480 | D:1      | Gained mutation: You are surrounded by a mild repulsion field. (EV +2) [demonic ancestry]
   480 | D:1      | Reached XP level 3. HP: 15/27 MP: 3/3
  1037 | D:2      | Noticed Terence
  1073 | D:1      | Killed Terence
  1283 | D:2      | Gained mutation: You have very sharp fingernails. [demonic ancestry]
  1283 | D:2      | Reached XP level 4. HP: 25/33 MP: 4/4
  1459 | D:2      | Found a radiant altar of Vehumet.
  1459 | D:2      | Found a blossoming altar of Fedhas.
  1752 | D:2      | Noticed Sigmund
  1765 | D:2      | Killed Sigmund
  1765 | D:2      | Reached skill level 4 in Armour
  1765 | D:2      | Reached XP level 5. HP: 10/39 MP: 5/5
  2039 | D:2      | Found a shattered altar of Ashenzari.
  2208 | D:2      | Gained mutation: Your flesh is heat resistant. (rF+) [demonic ancestry]
  2208 | D:2      | Reached XP level 6. HP: 46/46 MP: 6/6
  2799 | D:3      | Killed from afar by an orc priest

Vault maps used:
D:1:      erik_arrival_triangle_small, grunt_decor_mini_mirrors,
          supply_closet_lemuel
D:2:      lemuel_round_altar, gammafunk_temple_overflow_statue, uniq_sigmund,
          uniq_terence
D:3:      corexii_shack_village, lemuel_crystal_altar, roderic_lattice_a

Skill      XL: |  1  2  3  4  5 |
---------------+----------------+-----
Unarmed Combat | 1 2 |  2.8
Dodging        | 1 2 3 |  3.2
Bows           | 2 |  2.2
Armour         | 4 |  4.0
Fighting       | |  2.9
Maces & Flails | |  1.1
Stealth        | |  1.7

Action                   |  1- 3 |  4- 6 || total
-------------------------+-------+-------++-------
Melee: Mace              |    10 |       ||    10
       Unarmed           |   154 |   151 ||   305
       Punch             |       |     1 ||     1
 Fire: Shortbow          |     3 |       ||     3
  Use: Potion            |       |     4 ||     4
  Eat: Chunk             |     1 |     5 ||     6
Armor: Scale mail        |    90 |    52 ||   142
Dodge: Dodged            |    65 |    87 ||   152
